 Dungeon Crawl Stone Soup version 0.29.0-11-gd7f09526c8 (webtiles) character file.

Game seed: 14860919605719264263

1059 gelatine the Shooter (level 8, -3/60 HPs)
             Began as a Demonspawn Hunter on Sept 4, 2022.
             Was a Follower of Yredelemnul.
             Slain by a steam dragon (5 damage)
             ... on level 6 of the Dungeon.
             The game lasted 00:12:21 (6137 turns).

gelatine the Shooter (Demonspawn Hunter)            Turns: 6137, Time: 00:12:23

Health: -3/60      AC:  6    Str: 11    XL:     8   Next: 6%
Magic:  8/8        EV: 12    Int: 14    God:    Yredelemnul [*.....]
Gold:   372        SH:  0    Dex: 18    Spells: 7/7 levels left

rFire   . . .      SeeInvis +   a - +0 shortbow
rCold   . . .      Faith    .   (shield currently unavailable)
rNeg    . . .      Spirit   .   c - +0 leather armour
rPois   .          Reflect  .   (no helmet)
rElec   .          Harm     .   (no cloak)
rCorr   .          Rampage  .   e - +2 pair of gloves
Will    +....                   (no boots)
Stlth   ++........              h - amulet of regeneration
HPRegen 1.00/turn               u - ring of see invisible
MPRegen 0.11/turn               x - ring of willpower

@: no status effects
A: hooves 2, demonic guardian 2, big brain 1
a: Renounce Religion, Recall Undead Harvest


You were on level 6 of the Dungeon.
You worshipped Yredelemnul.
Yredelemnul was noncommittal.
You visited 2 branches of the dungeon, and saw 7 of its levels.
You also visited: Sewer.

You collected 372 gold pieces.

Inventory:

Hand Weapons
 a - a +0 shortbow (weapon)
Armour
 c - a +0 leather armour (worn)
 e - a +2 pair of gloves (worn)
Jewellery
 h - an amulet of regeneration (around neck)
 i - an amulet of faith
 u - a ring of see invisible (left hand)
 x - a ring of willpower (right hand)
Wands
 t - a wand of quicksilver (15)
Scrolls
 b - 3 scrolls of immolation
 f - a scroll of silence
 j - 2 scrolls of vulnerability
 l - a scroll of torment
 n - a scroll of enchant weapon {unknown}
 o - 2 scrolls of amnesia {unknown}
 q - 4 scrolls of teleportation
 w - a scroll of fear {unknown}
 y - a scroll of blinking {unknown}
Potions
 d - a potion of resistance {unknown}
 g - 4 potions of flight
 k - 4 potions of curing {unknown}
 m - a potion of might {unknown}
 p - a potion of heal wounds {unknown}
 r - a potion of magic {unknown}
 s - 2 potions of haste {unknown}
 z - 2 potions of lignification {unknown}


   Skills:
 + Level 3.8 Fighting
 + Level 7.7 Ranged Weapons
 + Level 3.0 Armour
 + Level 2.6 Dodging
 + Level 1.8 Stealth


You had 7 spell levels left.
You didn't know any spells.
Your spell library contained the following spells:

 Spells                   Type           Power      Damage    Failure   Level
 Beastly Appendage        Tmut           0%         N/A       36%         1
 Poisonous Vapours        Pois/Air       0%         N/A       50%         2
 Wereblood                Tmut           0%         N/A       50%         2
 Spider Form              Tmut/Pois      0%         N/A       73%         3
 Corpse Rot               Necr/Pois/Air  0%         N/A       98%         4
 Borgnjor's Vile Clutch   Necr/Erth      0%         N/A       100%        5
 Animate Dead             Necr           Unusable   N/A       N/A         4
 Death Channel            Necr           Unusable   N/A       N/A         6

Dungeon Overview and Level Annotations

Branches:
Dungeon (6/15)             Temple (1/1) D:4           Sewer (visited)

Altars:
Ashenzari
Cheibriados
Dithmenos
Gozag
Hepliaklqana
Kikubaaqudgha
Makhleb
Nemelex Xobeh
Okawaru
Qazlal
Ru
Sif Muna
Trog
Uskayaw
Wu Jian
Xom
Yredelemnul

Shops:
D:1 (   D:3 :   D:6 *

Annotations:
D:4 1 runed translucent door, lambentLogic's ghost, amateur KoMo


Innate Abilities, Weirdness & Mutations

You have hoof-like feet.
A demonic guardian rushes to your aid.
You have an unusually large brain. (Int +2)


Message History

Your bullfrog zombie hits the steam dragon.
The steam dragon breathes steam at your bullfrog zombie.
The ball of steam hits your bullfrog zombie!!
Your bullfrog zombie is destroyed!
Fire: a) +0 shortbow
Press: ? - help, Q - select action, (/) - cycle Shift-Dir - straight line, f/p - steam dragon
Aim: a steam dragon (severely wounded, unaware, ally target, hasn't noticed you, 65% to hit)
You shoot an arrow. The arrow hits the steam dragon.
The steam dragon is almost dead.
The steam dragon breathes steam at you. The ball of steam hits you.
Your hound zombie is engulfed in a cloud of scalding steam.
Your hound zombie barely misses the steam dragon.
Fire: a) +0 shortbow
Press: ? - help, Q - select action, (/) - cycle Shift-Dir - straight line, f/p - steam dragon
Aim: a steam dragon (almost dead, catching its breath, ally target, 65% to hit)
You shoot an arrow.
The arrow hits the steam dragon but does no damage.
The steam dragon is almost dead.
You are engulfed in a cloud of scalding steam.
* * * LOW HITPOINT WARNING * * *
Your hound zombie is engulfed in a cloud of scalding steam.
Your hound zombie bites the steam dragon but does no damage.
The steam dragon bites you.
* * * LOW HITPOINT WARNING * * *
A demonic guardian appears!
The steam dragon claws you but does no damage.
Unknown command.
Fire: a) +0 shortbow
Press: ? - help, Q - select action, (/) - cycle Shift-Dir - straight line, f/p - steam dragon
Aim: a steam dragon (severely wounded, catching its breath, ally target, 65% to hit)
You shoot an arrow. The arrow hits the steam dragon.
The steam dragon is almost dead.
You are engulfed in a cloud of scalding steam.
* * * LOW HITPOINT WARNING * * *
Your hound zombie bites the steam dragon.
The steam dragon bites you but does no damage.
The steam dragon claws you.
You die...
Your body rises from the dead as a mindless zombie.

##### # #.^.######### ##
#.#.#@D4..... .# #.#.#Z#######
.######## #.#.#Z# #..
..##....####.#.#Z# #.#
#.##.##.#.ZZ.#.#.#####.#####
..Z..##.#.####.#.#...#.#...#
#.#........ZZ..#'#.8.∩...8.#.#
......#.##.#.#Z........#.....#
....#.#..#.#.......###...####


You could see a steam dragon (catching breath, ally target), a friendly rust
devil (summoned), a friendly hound zombie, a friendly gnoll zombie and a
friendly orc zombie.

Vanquished Creatures
  An ogre (D:6)
  A bullfrog (D:6)
  A necrophage (D:6)
  A hound (D:6)
  2 jellies
  2 iguanas
  A merfolk siren (Sewer)
  A merfolk avatar (Sewer)
  3 gnolls (D:6)
  7 adders
  2 river rats (Sewer)
  An ufetubus (D:5)
  A worm (D:2)
  3 dart slugs
  6 orcs
  7 ball pythons
  2 endoplasms
  5 giant cockroaches
  5 goblins
  5 hobgoblins
  15 jackals
  6 quokkas
  7 bats
  6 frilled lizards
  2 kobolds
  27 rats
120 creatures vanquished.

Vanquished Creatures (collateral kills)
  A black bear (D:5)
  An ogre (D:5)
  A centaur (D:6)
  A phantom (D:5)
  A scorpion (D:6)
  An iguana (D:5)
  A river rat (Sewer)
  2 jackals
9 creatures vanquished.

Vanquished Creatures (others)
  A bullfrog zombie (D:6)
  A scorpion zombie (D:6)
  An iguana zombie (D:5)
  A jelly zombie (D:6)
  2 orc zombies
6 creatures vanquished.

Grand Total: 135 creatures vanquished

Notes
Turn   | Place    | Note
-------+----------+-------------------------------------------
     0 | D:1      | gelatine the Demonspawn Hunter began the quest for the Orb.
     0 | D:1      | Reached XP level 1. HP: 16/16 MP: 1/1
   152 | D:1      | Found a faded altar of an unknown god.
   197 | D:1      | Reached skill level 4 in Ranged Weapons
   300 | D:1      | Gained mutation: A weak demonic guardian rushes to your
                  | aid. [demonic ancestry]
   300 | D:1      | Reached XP level 2. HP: 22/22 MP: 2/2
   786 | D:1      | Found Qareg's Weapon Emporium.
  1008 | D:2      | Reached skill level 1 in Stealth
  1170 | D:2      | Reached XP level 3. HP: 22/27 MP: 3/3
  1722 | D:2      | Found a broken altar of Ashenzari.
  2263 | D:3      | Found Nasonteo's Book Emporium.
  2378 | D:3      | Gained mutation: A demonic guardian rushes to your aid.
                  | [demonic ancestry]
  2378 | D:3      | Reached XP level 4. HP: 33/33 MP: 4/4
  2394 | D:3      | Found a glowing drain.
  2420 | D:3      | Reached skill level 5 in Ranged Weapons
  2425 | Sewer    | Entered a sewer
  2744 | Sewer    | Gained mutation: You have large cloven feet. [demonic
                  | ancestry]
  2744 | Sewer    | Reached XP level 5. HP: 23/39 MP: 5/5
  3165 | Sewer    | Reached skill level 1 in Armour
  3656 | D:3      | Found a bloodstained altar of Trog.
  4355 | D:4      | Gained mutation: You have an unusually large brain. (Int
                  | +2) [demonic ancestry]
  4355 | D:4      | Reached XP level 6. HP: 9/36 MP: 6/6
  4479 | D:4      | Found a runed translucent door.
  4481 | D:4      | Noticed lambentLogic's ghost (amateur KoMo)
  4515 | D:4      | Found a staircase to the Ecumenical Temple.
  4526 | Temple   | Entered the Ecumenical Temple
  4534 | Temple   | Became a worshipper of Yredelemnul the Dark
  4888 | D:5      | Entered Level 5 of the Dungeon
  5039 | D:5      | Reached skill level 6 in Ranged Weapons
  5103 | D:5      | Reached * piety under Yredelemnul
  5153 | D:5      | Reached XP level 7. HP: 26/52 MP: 7/7
  5790 | D:6      | Reached skill level 7 in Ranged Weapons
  5948 | D:6      | Found Revugg Uzin's Wicked Wares.
  6094 | D:6      | Gained mutation: You have hoof-like feet. [demonic
                  | ancestry]
  6094 | D:6      | Reached XP level 8. HP: 60/60 MP: 8/8
  6137 | D:6      | HP: 1/60 [steam dragon] (10)]
  6137 | D:6      | Slain by a steam dragon

Illustrated notes

Levels and vault maps discovered:
D:1:      amcnicky_arrival_single_pillar, layout_loops_ring, serial_shops,
          nicolae_shop_crystal, shapermc_ecumenical_altar_gd
D:2:      layout_loops_corners, basic_altar
D:3:      layout_basic, minitemple, gup_sewer_entry_glass, serial_shops,
          nicolae_shop_statue_plus
D:4:      layout_loops_ring, minmay_temple_entry_ruins, ebering_ghost_sewer_d
D:5:      layout_cave_pools, grunt_ministairs_14, minivault_4
D:6:      layout_basic, minivault_19, nicolae_evil_shop, uniq_grinder
Temple:   nicolae_temple_no_exploring_needed

Skill      XL: |  1  2  3  4  5  6  7 |
---------------+----------------------+-----
Ranged Weapons | 4 5 6 7 |  7.7
Stealth        | 1 |  1.8
Dodging        | 2 |  2.6
Armour         | 1 2 3 |  3.0
Fighting       | 3 |  3.8

Action                   |  1- 3 |  4- 6 |  7- 9 || total
-------------------------+-------+-------+-------++-------
 Fire: Shortbow          |   127 |   225 |    97 ||   449
  Use: Scroll            |       |     4 |     2 ||     6
       Potion            |       |     1 |       ||     1
Armor: Leather armour    |    25 |    47 |    34 ||   106
Dodge: Dodged            |    39 |    81 |    54 ||   174
